← All builds
Geo sea / Armada / Economy first / OBSERVED BUILD

Standard geo sea

Armada Geo sea build order · Supreme Isthmus

The role's baseline: bot lab then shipyard in the cove, early destroyer and submarine to contest the sea, with geothermal powering the economy as the game transitions into a naval/amphibious mix.

Usually shipyard in the cove (89%)

#naval #eco · 1366 distinct matches · 174 players · 78% of Armada Geo sea games · team won 55% of 1522 · Recently observed

HOW TO PLAY IT

Key timing: Shipyard by 3:12

  1. Open 3 mex and wind, then drop Bot Lab by 1:12.
  2. Build Shipyard in the cove to start the naval contest.
  3. Pump submarine then destroyer to contest enemy sea entry.
  4. Add geothermal powerplant to fund the economy transition.
  5. Upgrade to Advanced Metal Extractor as eco scaling finishes.

Phase by phase

TYPICAL OF ITS 1366 GAMES
  1. 1
  2. 2
  3. 3
  4. 4
PLAY THE OPENING

Follow the example game's first 6:00 step by step: what to build now, what comes next, and where it goes. At 1× it keeps pace with your own game.

  1. 1

    Up to the Bot Lab

    Economy
    • Metal Extractor3Mex
    • Wind Turbine3Wind
    Order
    1. Bot LabBot Lab after 3 mex, 3 winddone ~1:12, middle half 1:06–1:18

    Some games also: wind for allies (46%)

    By 0:55 in all: 3 mex · 3 wind

    The example game in this phase · 3 steps
    1. Mex ×3
    2. Solar ×2
    3. Bot LabBot Labdone 1:04 · typical 1:12
  2. 2

    Bot Lab to Shipyard

    Economy
    • Metal Extractor1Mex
    • Wind Turbine1Wind
    Order
    1. ShipyardShipyard after 4 mex, 4 winddone ~3:11, middle half 2:48–3:37
    Builders
    • Construction Bot3 Con bot
    • Lazarus2 Lazarus

    Some games also: pawn (41%) · con turret (39%) · crossbow (38%)

    By 2:47 in all: 4 mex · 4 wind

    The example game in this phase · 19 steps
    1. LazarusLazarus
    2. Wind ×3for Air
    3. Wind
    4. Construction BotCon bot
    5. Wind ×3
    6. LazarusLazarus
    7. Con turret
    8. Construction BotCon bot
    9. Mex
    10. Construction BotCon bot ×3
    11. AnemoneAnemone
    12. PawnPawn
    13. Mex
    14. PawnPawn
    15. CrossbowCrossbow
    16. Mex
    17. Energy storage
    18. PawnPawn ×2
    19. ShipyardShipyarddone 4:01 · typical 3:11
  3. 3

    Shipyard to 5:00

    Economy
    • Metal Extractor4Mex
    • Wind Turbine2Wind
    Order
    1. Bot LabEat Bot Lab
    Builders
    • Construction Ship1 Con ship
    Army
    • Dolphin3 Dolphin
    • Skater1 Skater
    Other
    • Radar Tower1 Radar Tower

    Some games also: destroyer (48%) · Sentry (44%) · submarine (44%) · converter (33%) · con turret (32%)

    By 5:00 in all: 8 mex · 7 wind · 1 energy storage · 1 con turret

    The example game in this phase · 13 steps
    1. SentrySentry ×2
    2. PawnPawn
    3. Radar TowerRadar Tower
    4. Construction ShipCon ship
    5. Bot LabEat Bot Labreclaimed for its metal
    6. Wind
    7. CorsairDestroyerdone 4:43 · typical 5:39
    8. Wind
    9. Naval Radar / Sonar TowerNaval Radar / Sonar Tower
    10. Wind ×2
    11. DolphinDolphin
    12. SkaterSkater
    13. Mex
  4. 4

    5:00 to 10:00

    Economy
    • Metal Extractor2Mex
    • Wind Turbine12Wind
    • Energy Converter3Converter
    Builders
    • Construction Turret1 Con turret
    • Grim Reaper1 Grim Reaper
    • Construction Ship1 Con ship
    Army
    • Sentry1 Sentry
    • Dolphin4 Dolphin
    • Skater2 Skater
    • Corsair2 Destroyer

    Some games also: Harpoon (42%) · frigate (42%) · geo (41%) · Naval Construction Turret (35%) · submarine (30%)

    By 10:00 in all: 11 mex · 20 wind · 1 geo · 4 converter · 1 energy storage · 2 con turret

    The example game in this phase · 133 steps
    1. Grim ReaperGrim Reaper
    2. DolphinDolphin
    3. Mex
    4. DolphinDolphin
    5. SkaterSkater
    6. DolphinDolphin
    7. Naval Radar / Sonar TowerNaval Radar / Sonar Tower
    8. DolphinDolphin
    9. Advanced Metal ExtractorT2 mexdone 7:50 · typical 9:20
    10. Radar TowerRadar Tower
    11. Geothermal PowerplantGeodone 7:27 · typical 7:52
    12. Mex
    13. DolphinDolphin
    14. Mex ×2
    15. SkaterSkater ×2
    16. DolphinDolphin
    17. Wind
    18. DolphinDolphin
    19. SentrySentry
    20. Mex
    21. Converter
    22. DolphinDolphin
    23. Converter
    24. DolphinDolphin
    25. Radar TowerRadar Tower
    26. DolphinDolphin
    27. Naval Radar / Sonar TowerNaval Radar / Sonar Tower
    28. Advanced Metal ExtractorT2 mex
    29. Converter
    30. Grim ReaperGrim Reaper
    31. Converter
    32. SkaterSkater
    33. Con turret
    34. Converter ×2
    35. SentrySentry
    36. SkaterSkater
    37. DolphinDolphin
    38. SentrySentry
    39. DolphinDolphin
    40. Con turret
    41. SentrySentry
    42. Converter
    43. DolphinDolphin
    44. Wind
    45. DolphinDolphin
    46. Advanced Metal ExtractorT2 mex
    47. SkaterSkater
    48. Wind
    49. DolphinDolphin ×2
    50. Wind
    51. DolphinDolphin
    52. Converter
    53. DolphinDolphin
    54. Wind
    55. CorsairDestroyer
    56. Wind
    57. CorsairDestroyer
    58. Naval Radar / Sonar TowerNaval Radar / Sonar Tower
    59. Wind
    60. Converter
    61. Wind
    62. CorsairDestroyer
    63. Wind ×2
    64. HarpoonHarpoon
    65. DolphinDolphin
    66. Converter
    67. CorsairDestroyer
    68. Wind
    69. Advanced Metal ExtractorT2 mex
    70. Wind
    71. CorsairDestroyer
    72. Wind
    73. Naval Radar / Sonar TowerNaval Radar / Sonar Tower
    74. Converter
    75. Wind
    76. Grim ReaperGrim Reaper
    77. Naval Radar / Sonar TowerNaval Radar / Sonar Tower
    78. Wind
    79. DolphinDolphin ×2
    80. SkaterSkater
    81. Wind
    82. CorsairDestroyer
    83. Converter
    84. Wind ×2
    85. CorsairDestroyer
    86. Wind
    87. DolphinDolphin
    88. Converter
    89. Wind
    90. DolphinDolphin ×3
    91. Wind
    92. Advanced Metal ExtractorT2 mex
    93. Grim ReaperGrim Reaper
    94. Wind
    95. CorsairDestroyer
    96. Converter
    97. Wind
    98. CorsairDestroyer
    99. DolphinDolphin ×2
    100. Wind
    101. DolphinDolphin
    102. CorsairDestroyer
    103. Wind ×2
    104. Grim ReaperGrim Reaper
    105. Converter
    106. DolphinDolphin
    107. Wind
    108. SkaterSkater ×2
    109. Wind
    110. DolphinDolphin ×3
    111. Naval Radar / Sonar TowerNaval Radar / Sonar Tower
    112. Wind
    113. DolphinDolphin
    114. Advanced Metal ExtractorT2 mex
    115. Converter
    116. SkaterSkater
    117. Wind
    118. SkaterSkater ×3
    119. Wind
    120. Construction ShipCon ship
    121. SkaterSkater
    122. Advanced ShipyardAdvanced Shipyarddone 14:50
    123. Wind
    124. Construction ShipCon ship
    125. Converter
    126. Wind
    127. DolphinDolphin
    128. Wind
    129. DolphinDolphin
    130. Wind
    131. Advanced Construction SubAdvanced Construction Sub
    132. DolphinDolphin
    133. Converter

Counts are medians over the build's games: half of them build more, half fewer. The example game is Bestoloch's (30 OS, 04/08/2026); pick another.

Team trades

IN AT LEAST 30% OF ITS GAMES

You hand over

  • Wind Turbine2 Wind to Airfirst at 1:41 · in 64% of games

You get

  • Finch1 Finch from Airfirst at 1:53 · in 74% of games
  • Hercules1 Light transport from Airfirst at 2:04 · in 65% of games
  • Advanced Construction Bot1 T2 con bot from Techfirst at 7:43 · in 90% of games

How it plays out

Typical game of this build, running totals by minute

Metal produced

010k20k30k
0:005:0010:0015:00

metal

Enemy metal destroyed

05k10k
0:005:0010:0015:00

metal

Own metal lost

02.5k5k7.5k
0:005:0010:0015:00

metal

1522 games.

Show as table
ByMetal produced: This buildEnemy metal destroyed: This buildOwn metal lost: This build
1:0039500
2:0092800
3:00159900
4:002876040
5:00412519054
6:005516531294
7:007053988625
8:00871716811028
9:001057124591592
10:001280033632241
11:001537844273115
12:001846254733815
13:002179564554611
14:002540875645386
15:002899384626190
WHAT THE NUMBERS SAY

Standard Geo sea play wins slightly less than half the time but builds a strong metal base by 15:00 with moderate losses.

  • + Metal produced reaches 29210 by 15:00, well above Beach sea's early pace.
  • + Corsair (destroyer) makes up 34% of army, a clear naval focus.
  • − Own metal lost climbs to 6339 by 15:00 from sea skirmishes.
  • − Geothermal only completes in 58% of games, an inconsistent power spike.
THE EXAMPLE YOU ARE READING

Bestoloch

30.2 OS · 04/08/2026

Open source match ↗

7 received units · includes a constructor
989 metal received · 61622 energy received

Allied construction assistance is unknown. Timings are observations, not a promise of solo reproducibility.

Typical milestones

Bot Lab1:12Middle 50%: 1:06–1:18 · n=1479
Shipyard3:11Middle 50%: 2:48–3:37 · n=1501
Eel4:27Middle 50%: 3:45–5:38 · n=926
Corsair5:39Middle 50%: 4:56–6:38 · n=1401
Geothermal Powerplant7:52Middle 50%: 6:49–9:30 · n=961
Advanced Metal Extractor9:20Middle 50%: 8:39–10:10 · n=1332

Played most by

_X_136games of this buildJesterB68games of this buildOptimusprimenutt61games of this buildhaaven55games of this buildpyrothraxus51games of this build